 Dungeon Crawl Stone Soup version 0.30.1-4-g462c640d31 (webtiles) character file.

Game seed: 16456364860732299770

8352 FemmeMayhem the Cleaver (level 11, -15/148 HPs)
             Began as a Minotaur Fighter on Aug 13, 2023.
             Was a Follower of Okawaru.
             Killed from afar by a fire giant (39 damage)
             ... with a bolt of fire
             ... on level 10 of the Dungeon.
             The game lasted 00:43:40 (10205 turns).

FemmeMayhem the Cleaver (Minotaur Fighter)         Turns: 10205, Time: 00:43:41

Health: -15/148    AC: 25    Str: 25    XL:     11   Next: 8%
Magic:  9/11       EV:  2    Int:  5    God:    Okawaru [*.....]
Gold:   599        SH:  8    Dex: 16    Spells: 10/10 levels left

rFire   . . .        a - +0 war axe
rCold   . . .        c - +0 buckler
rNeg    . . .        m - melded +0 plate armour
rPois   +            (helmet currently unavailable)
rElec   .            o - melded scarf {shadows}
rCorr   .            (gloves currently unavailable)
SInv    .            (boots currently unavailable)
Will    +....        (no amulet)
Stlth   +++          l - +6 ring of dexterity
HPRegen 0.44/turn    J - ring of willpower
MPRegen 0.12/turn

%: no passive effects
@: tree-form, heroic
A: stationary, stasis, torment immunity, boosted hp, (horns 2), (retaliatory
headbutt)
a: Renounce Religion, Heroism


You were on level 10 of the Dungeon.
You worshipped Okawaru.
Okawaru was aware of your devotion.
You were a tree.
You visited 2 branches of the dungeon, and saw 11 of its levels.

You collected 599 gold pieces.

Inventory:

Hand Weapons
 a - a +0 war axe (weapon)
Missiles
 j - 12 boomerangs
 k - 140 stones
 t - 47 poisoned darts
 u - a javelin (quivered)
Armour
 b - a +0 scale mail
 c - a +0 buckler (worn)
 m - a +0 plate armour (melded)
 o - a scarf of shadows (melded)
Jewellery
 l - a +6 ring of dexterity (left branch)
 J - a ring of willpower (right branch)
Wands
 E - a wand of iceblast (8)
 H - a wand of flame (11)
 L - a wand of polymorph (4)
 Q - a wand of acid (5)
Scrolls
 e - 4 scrolls of enchant armour
 f - 2 scrolls of blinking
 g - 3 scrolls of magic mapping
 h - 6 scrolls of teleportation
 i - 6 scrolls of fog
 n - a scroll of noise
 q - a scroll of acquirement {unknown}
 r - 2 scrolls of vulnerability
 x - a scroll of amnesia
 y - a scroll of identify
 F - a scroll of poison
 G - a scroll of fear {unknown}
 I - a scroll of torment {unknown}
 K - a scroll of butterflies
 N - a scroll of brand weapon {unknown}
Potions
 d - a potion of might
 s - a potion of resistance
 v - 2 potions of haste
 w - 4 potions of degeneration
 z - a potion of curing {unknown}
 A - 4 potions of mutation
 B - 2 potions of berserk rage
 C - a potion of flight {unknown}
 D - a potion of ambrosia {unknown}
 M - a potion of attraction {unknown}
 O - 2 potions of brilliance
 P - a potion of lignification


   Skills:
 + Level 10.0(15.0) Fighting
 * Level 13.1(18.1) Axes
 + Level 9.9(14.9) Armour
 + Level 9.9(14.9) Shields
 + Level 1.4 Invocations


You had 10 spell levels left.
You didn't know any spells.
Your spell library contained the following spells:

 Spells                   Type           Power      Damage    Failure   Level
 Beastly Appendage        Tmut           0%         N/A       50%         1
 Sandblast                Erth           0%         2d4       50%         1
 Passwall                 Tmut/Erth      0%         N/A       65%         2
 Scorch                   Fire           0%         2d5       65%         2
 Wereblood                Tmut           0%         N/A       65%         2
 Inner Flame              Hex/Fire       0%         N/A       86%         3
 Portal Projectile        Hex/Tloc       0%         N/A       86%         3
 Spider Form              Tmut/Pois      0%         N/A       86%         3
 Stone Arrow              Conj/Erth      0%         3d7       86%         3
 Vhi's Electric Charge    Tloc/Air       0%         N/A       86%         3
 Flame Wave               Conj/Fire      0%         2d4       99%         4
 Sticky Flame             Conj/Fire      0%         2d3       99%         4
 Blade Hands              Tmut           0%         N/A       100%        5
 Dispersal                Tloc           0%         N/A       100%        6
 Summon Small Mammal      Summ           Unusable   N/A       N/A         1
 Call Canine Familiar     Summ           Unusable   N/A       N/A         3
 Summon Guardian Golem    Hex/Summ       Unusable   N/A       N/A         3
 Tukima's Dance           Hex            Unusable   N/A       N/A         3
 Summon Cactus Giant      Summ           Unusable   N/A       N/A         6
 Malign Gateway           Summ/Tloc      Unusable   N/A       N/A         7

Dungeon Overview and Level Annotations

Branches:
Dungeon (10/15)            Temple (1/1) D:6            Lair (0/5) D:10
    Orc: D:9-12

Altars:
Ashenzari
Cheibriados
Dithmenos
Elyvilon
Fedhas
Gozag
Hepliaklqana
Kikubaaqudgha
Makhleb
Nemelex Xobeh
Okawaru
Qazlal
Ru
Sif Muna
Trog
Uskayaw
Vehumet
Wu Jian
Xom
Yredelemnul
Zin
The Shining One

Shops:
D:3 =   D:8 *=

Portals:
Trove: D:10 (give 3 potions of resistance)

Annotations:
D:9 exclusion: obsidian statue


Innate Abilities, Weirdness & Mutations

You are a tree.
Your roots penetrate the ground, keeping you stationary.
You cannot be teleported.
You are immune to unholy pain and torment.
Your maximum health is greatly increased.
Your equipment is partially melded.
((You have a pair of horns on your head.))
((You reflexively headbutt those who attack you in melee.))


Message History

Your scarf of shadows melds into your body.
Your +0 plate armour melds into your body.
The dungeon's light returns to normal.
Your roots penetrate the ground.
The fire giant hits you with a +0 great sword of flaming.
* * * LOW HITPOINT WARNING * * *
The fire giant burns you.
* * * LOW HITPOINT WARNING * * *
You feel much better.
The fire giant hits you but does no damage.
You gain the combat prowess of a mighty hero.
The fire giant hits you but does no damage.
You hit the fire giant.
The fire giant is lightly wounded.
You hit the fire giant.
The fire giant is lightly wounded.
The fire giant hits you with a +0 great sword of flaming!!
* * * LOW HITPOINT WARNING * * *
The fire giant burns you.
* * * LOW HITPOINT WARNING * * *
You slice the fire giant!!
The fire giant is moderately wounded.
You block the fire giant's attack.
You barely miss the fire giant.
The fire giant is moderately wounded.
You slash the fire giant!
The fire giant is heavily wounded.
The fire giant hits you with a +0 great sword of flaming!
* * * LOW HITPOINT WARNING * * *
The fire giant burns you.
* * * LOW HITPOINT WARNING * * *
You slash the fire giant!
The fire giant is severely wounded.
The fire giant barely misses you.
You slash the fire giant!
The fire giant is severely wounded.
You hit the fire giant.
The fire giant is almost dead.
The fire giant casts a spell at you. The bolt of fire hits you!!!
You die...

#.## #o.#.# ########
#.c#(# #.......
#gl#.# ###.#####.
#CO#o# #.....#...
#H.#H# #.PPP..._.
#++#{# #..PPPP... #
#[?#C# #.....PPPP
#.#:$#♣# ##.P....PPP
#.####.# #..PPPP....
... #....##
#....PPP... ..##
##''## #..#...PPPP
...## #..#
##.##...... ....#...
#..# .# #.........
....#... #..# .#
####...... .......
#..##.######.........
.....##
#..#..#......##......


You could see a fire giant, a manticore and an orc warrior.

Vanquished Creatures
  A two-headed ogre (D:9)
  A deep troll (D:10)
  A kobold demonologist (D:8)
  Grinder (D:5)
  Sigmund (D:6)
  A wraith (D:10)
  A shadow (D:10)
  A vampire (D:10)
  4 yaks (D:9)
  A wyvern (D:10)
  3 steam dragons
  5 vampire mosquitoes
  2 wargs (D:10)
  A water moccasin (D:8)
  2 ice beasts
  3 orc warriors
  A sky beast (D:8)
  4 black bears
  An ogre (D:5)
  A boggart (D:10)
  5 centaurs
  A phantom (D:5)
  3 bullfrogs (D:8)
  4 kobold brigands
  5 scorpions
  5 wights (D:7)
  8 killer bees
  7 howler monkeys
  2 hounds
  4 orc priests
  A gnoll bouda (D:7)
  7 jellies
  5 iguanas
  3 orc wizards
  4 gnolls
  10 adders
  A shadow imp (D:6)
  6 white imps
  An ufetubus (D:4)
  2 worms (D:2)
  2 dart slugs
  25 orcs
  5 ball pythons
  8 endoplasms
  3 giant cockroaches
  7 goblins
  9 hobgoblins
  7 jackals
  4 quokkas
  9 bats
  A frilled lizard (D:3)
  24 kobolds
  9 rats
233 creatures vanquished.

Notes
Turn   | Place    | Note
-------+----------+-------------------------------------------
     0 | D:1      | FemmeMayhem the Minotaur Fighter began the quest for the
                  | Orb.
     0 | D:1      | Reached XP level 1. HP: 19/19 MP: 0/0
   227 | D:1      | Reached XP level 2. HP: 21/27 MP: 1/1
   235 | D:1      | Reached skill level 3 in Axes
   811 | D:2      | Reached XP level 3. HP: 29/33 MP: 2/2
  1006 | D:2      | Got the Atlas of Orientation
  1322 | D:3      | Reached XP level 4. HP: 40/40 MP: 3/3
  1626 | D:3      | Found Qalox's Jewellery Boutique.
  1851 | D:3      | Reached skill level 4 in Axes
  2190 | D:4      | Noticed a scorpion
  2199 | D:4      | Reached XP level 5. HP: 44/47 MP: 4/4
  2224 | D:4      | Noticed an orc warrior
  2238 | D:4      | Reached skill level 5 in Axes
  2240 | D:4      | Killed an orc warrior
  2241 | D:4      | Reached skill level 5 in Fighting
  2241 | D:4      | Reached skill level 5 in Armour
  2241 | D:4      | Reached skill level 5 in Shields
  2241 | D:4      | Reached XP level 6. HP: 29/56 MP: 5/5
  2867 | D:5      | Entered Level 5 of the Dungeon
  2893 | D:5      | Noticed Grinder
  2912 | D:5      | Killed Grinder
  2913 | D:5      | Reached skill level 6 in Axes
  2913 | D:5      | Reached XP level 7. HP: 20/61 MP: 6/6
  3588 | D:5      | Reached skill level 7 in Axes
  3695 | D:5      | Reached XP level 8. HP: 67/70 MP: 7/7
  3929 | D:5      | Reached skill level 8 in Axes
  4026 | D:5      | Found a burning altar of Makhleb.
  4602 | D:6      | Noticed Sigmund
  4613 | D:6      | Killed Sigmund
  4839 | D:6      | Found a staircase to the Ecumenical Temple.
  4848 | Temple   | Entered the Ecumenical Temple
  5025 | D:6      | Reached skill level 9 in Axes
  5042 | D:6      | Reached XP level 9. HP: 41/79 MP: 8/8
  5838 | D:7      | Reached skill level 10 in Axes
  6972 | D:8      | Found Cimmetuc's Assorted Antiques.
  6999 | D:8      | Reached skill level 11 in Axes
  7031 | D:8      | Reached XP level 10. HP: 44/90 MP: 9/9
  7180 | D:8      | Found Byqutom's Jewellery Shoppe.
  7346 | D:8      | Found a broken altar of Ashenzari.
  8260 | D:9      | Noticed an obsidian statue
  8311 | D:9      | Noticed a two-headed ogre
  8457 | D:9      | Reached skill level 12 in Axes
  8751 | D:10     | Entered Level 10 of the Dungeon
  8784 | D:10     | Found an iron altar of Okawaru.
  8797 | D:10     | Became a worshipper of Warmaster Okawaru
  8820 | D:10     | Found an opulent altar of Gozag.
  9338 | D:10     | Found a portal to a secret trove of treasure.
  9594 | D:10     | Reached * piety under Okawaru
  9852 | D:10     | Found a staircase to the Lair.
  9885 | D:10     | Noticed a deep troll
  9900 | D:10     | Killed a deep troll
 10010 | D:9      | Killed a two-headed ogre
 10011 | D:9      | Reached skill level 13 in Axes
 10011 | D:9      | Reached skill level 1 in Invocations
 10011 | D:9      | Reached XP level 11. HP: 99/99 MP: 7/10
 10179 | D:10     | Noticed a fire giant
 10179 | D:10     | Noticed an ogre mage
 10194 | D:10     | Reached skill level 10 in Fighting
 10205 | D:10     | Killed from afar by a fire giant

Illustrated notes

Levels and vault maps discovered:
D:1:      psy_arrival_fountain, layout_loops_cross, corner_web_ring,
          minmay_fountain_box
D:2:      layout_rooms
D:3:      layout_basic, serial_shops, shop
D:4:      layout_basic, moated_statue, amcnicky_mini_rare_corridor_liquid
D:5:      layout_cave_pods, lemuel_coloured_pillars_altar, minivault_25,
          uniq_grinder
D:6:      minmay_spotlight, layout_loops_ring, minmay_temple_entry_mist,
          uniq_sigmund
D:7:      kennysheep_spiral_hall, layout_basic, dreamdust_mushroom_princess,
          kennysheep_generic_room_9
D:8:      layout_rooms, evilmike_ruin_ashenzari, serial_shops, shop,
          nicolae_shop_stone, skrybe_limestone_x
D:9:      layout_cave_pools, enter_bailey_5, minmay_protected_statue
D:10:     dreamdust_cave_troll, layout_rooms,
          mainiacjoe_overflow_catch_the_wave, erik_lair_orcish_takeover,
          trove_entry_hex_spiral, wad_scary_box
Temple:   nicolae_temple_no_exploring_needed

Skill      XL: |  1  2  3  4  5  6  7  8  9 10 11 |
---------------+----------------------------------+-----
Axes           | 3 4 5 6 7 9 11 13 | 13.1
Fighting       | 4 5 6 7 8 9 10 | 10.0
Armour         | 4 5 6 7 8 9 |  9.9
Shields        | 4 5 6 7 8 9 |  9.9
Invocations    | 1 |  1.4

Action                     |  1- 3 |  4- 6 |  7- 9 | 10-12 || total
---------------------------+-------+-------+-------+-------++-------
  Melee: War axe           |    84 |   110 |   263 |   187 ||   644
         Headbutt          |    10 |    18 |    58 |    38 ||   124
  Throw: Javelin           |       |     2 |       |     7 ||     9
 Invoke: Heroism           |       |       |       |     2 ||     2
    Use: Potion            |       |     1 |     3 |     2 ||     6
         Scroll            |       |       |    10 |     8 ||    18
 Armour: Scale mail        |    15 |       |       |       ||    15
         Plate armour      |    35 |    72 |   146 |   131 ||   384
         Skin              |       |       |       |     2 ||     2
  Dodge: Dodged            |    39 |    39 |    79 |    77 ||   234
  Block: Buckler           |    11 |    31 |    88 |    72 ||   202
